Map: Heavy Artillery LE

Players

Massa

  • Race: Terran Terran
  • League: Platinum
  • Spawn Location: 3:00

qqq

  • Race: Zerg Zerg
  • Spawn Location: 1:00

rostam - Winner!

  • Race: Terran Terran
  • Spawn Location: 7:00

Ulysse - Winner!

  • Race: Protoss Protoss
  • Spawn Location: 7:00

VOD

Have the link to the VOD?

Description

Time

  • Played on: Jan. 29, 2021, 4:25 p.m.
  • Length: 16:21
Show
View Real Time Build Order
Export as new Build Order

Massa Terran 

Build Orders:  

Get SALT Encoding   

  12  0:00  SCV  
  13  0:12  SCV  
  14  0:23  Supply Depot  
  14  0:30  SCV  
  15  0:41  Refinery  
  15  0:44  SCV  
  15  0:46  Barracks  
  16  0:56  SCV  
  17  1:08  SCV  
  18  1:21  SCV  
  19  1:35  Orbital Command  
  19  1:38  Barracks Reactor  
  19  1:53  Command Center  
  20  2:01  SCV  
  20  2:11  Supply Depot  
  20  2:12  Factory  
  20  2:15  Marine  
  21  2:21  Reaper  
  22  2:27  SCV  
  23  2:36  Marine  
  24  2:39  SCV  
  25  2:51  SCV  
  25  2:53  Marine  
  27  2:59  Marine, Supply Depot  
  27  3:03  Hellion  
  30  3:11  Marine  
  31  3:16  Marine  
  31  3:19  SCV, Orbital Command  
  33  3:24  Hellion  
  35  3:28  Marine  
  35  3:31  SCV  
  37  3:34  Marine  
  38  3:42  Starport  
  38  3:43  SCV  
  38  3:46  Hellion  
  41  3:55  SCV  
  42  4:05  Marine x2  
  42  4:07  SCV  
  45  4:23  Marine x2  
  47  4:28  Factory Tech Lab  
  46  4:44  Marine x2  
  48  4:48  Starport Reactor  
  48  4:53  Engineering Bay  
  48  4:56  Barracks x2  
  48  5:00  Barracks  
  48  5:02  Marine x2  
  50  5:09  Cyclone  
  50  5:11  SCV  
  54  5:16  Refinery  
  54  5:17  Refinery  
  54  5:20  Supply Depot  
  54  5:21  Supply Depot x2  
  54  5:22  Refinery  
  54  5:23  Supply Depot  
  54  5:24  Terran Infantry Weapons Level 1  
  54  5:28  Missile Turret  
  54  5:32  Missile Turret  
  54  5:42  SCV x2, Medivac  
  58  5:47  Barracks Tech Lab, Supply Depot  
  58  5:48  Barracks Reactor, Barracks Tech Lab, Supply Depot  
  58  5:51  Marine x2  
  58  5:54  SCV x2  
  62  6:06  SCV x2  
  64  6:18  SCV x2  
  64  6:19  Siege Tank  
  64  6:20  Command Center  
  64  6:21  Marauder x2, Marine x2  
  64  6:23  Stimpack  
  75  6:26  Marine  
  75  6:27  Marine  
  75  6:30  SCV  
  78  6:39  Marine  
  80  6:40  SCV  
  80  6:43  SCV  
  80  6:45  Medivac x2  
  85  6:51  Armory  
  85  6:52  SCV  
  86  6:55  SCV  
  87  7:03  Engineering Bay, Combat Shield  
  87  7:04  SCV  
  87  7:06  Marine x2  
  87  7:07  SCV, Marauder  
  93  7:16  Widow Mine, SCV  
  93  7:17  Marine x3  
  93  7:19  SCV  
  100  7:28  SCV  
  90  8:03  Concussive Shells  
  81  8:08  Marine  
  81  8:09  Marauder x2, Marine  
  81  8:10  Siege Tank  
  81  8:12  Smart Servos  
  90  8:15  Terran Vehicle Weapons Level 1  
  90  8:18  Terran Infantry Armor Level 1  
  90  8:24  Orbital Command  
  90  8:25  SCV  
  90  8:26  SCV  
  92  8:31  Missile Turret  
  92  8:38  SCV x2  
  94  8:42  Siege Tank  
  94  8:47  Command Center  
  97  8:50  SCV x2  
  97  8:53  Missile Turret  
  97  8:55  SCV  
  100  8:59  Marauder x2  
  100  9:00  Marine x4  
  100  9:02  SCV x2  
  110  9:07  SCV  
  110  9:08  Terran Infantry Weapons Level 2  
  111  9:13  Barracks, Thor  
  111  9:14  Missile Turret  
  117  9:17  Barracks, Command Center  
  117  9:21  Refinery  
  117  9:25  Supply Depot  
  117  9:29  Supply Depot  
  117  9:30  Supply Depot x2  
  117  9:31  Supply Depot  
  117  9:32  Thor  
  117  9:33  Marine  
  117  9:34  Marauder x2  
  117  9:36  Supply Depot  
  122  9:38  Refinery  
  122  9:43  Factory  
  122  9:44  Medivac  
  124  9:45  Factory  
  124  9:46  Medivac  
  124  9:49  Supply Depot  
  124  9:52  SCV x3  
  129  10:01  Sensor Tower  
  129  10:03  Missile Turret  
  129  10:04  SCV x2  
  131  10:10  Thor  
  137  10:17  Orbital Command  
  137  10:19  SCV x3  
  140  10:21  Missile Turret  
  140  10:23  Missile Turret  
  140  10:29  Terran Vehicle Weapons Level 2  
  140  10:31  SCV  
  140  10:32  Terran Infantry Armor Level 2  
  140  10:33  Medivac  
  143  10:56  Liberator  
  146  11:02  Siege Tank  
  146  11:03  Liberator  
  152  11:04  Factory Tech Lab  
  152  11:06  Barracks Tech Lab  
  152  11:10  Refinery  
  152  11:13  Refinery  
  152  11:18  Barracks Reactor  
  152  11:50  Thor x2  
  164  11:57  Medivac x2  
  164  11:59  Marauder, Marine  
  164  12:00  Marine  
  172  12:33  Thor  
  175  12:45  Fusion Core  
  175  12:46  SCV x3  
  175  12:47  SCV  
  179  12:58  SCV  
  179  13:57  Siege Tank x2  
  179  13:58  Factory Tech Lab  
  185  14:29  Siege Tank  
  188  14:39  Thor  
  194  14:49  Advanced Ballistics  
  194  14:50  Supply Depot  
  194  14:52  Supply Depot x2  
  194  14:53  Supply Depot  
  191  15:12  Thor  
  197  15:15  Supply Depot  
  197  15:19  Supply Depot  
  197  15:36  Thor  
  175  15:51  Marine  
  175  15:52  Marine x8  
Show
View Real Time Build Order
Export as new Build Order

qqq Zerg 

Build Orders: Hatch First 

Get SALT Encoding   

  12  0:05  Drone  
  13  0:13  Drone  
  14  0:19  Overlord  
  14  0:47  Hatchery  
  13  0:50  Drone  
  13  0:53  Drone  
  15  1:08  Drone  
  15  1:09  Drone  
  17  1:20  Spawning Pool  
  17  1:22  Extractor  
  17  1:23  Drone  
  16  1:27  Drone  
  17  1:37  Drone  
  18  1:45  Drone  
  19  1:55  Drone  
  20  2:07  Drone  
  20  2:08  Queen x2  
  21  2:12  Overlord  
  24  2:17  Drone  
  25  2:27  Drone  
  26  2:41  Hatchery, Drone  
  26  2:49  Lair  
  26  2:53  Drone  
  26  2:55  Drone  
  26  2:58  Drone  
  29  3:03  Metabolic Boost  
  29  3:08  Zergling x2  
  29  3:12  Drone  
  31  3:23  Drone x2, Overlord  
  31  3:24  Drone x2  
  35  3:27  Drone  
  35  3:28  Extractor  
  35  3:29  Drone  
  36  3:35  Evolution Chamber  
  36  3:36  Drone  
  36  3:39  Overlord  
  36  3:51  Drone x3, Hydralisk Den  
  36  3:55  Drone x2  
  40  4:04  Drone x3  
  43  4:11  Zerg Missile Weapons Level 1  
  43  4:13  Drone  
  43  4:17  Extractor  
  43  4:18  Extractor  
  43  4:20  Spore Crawler  
  43  4:21  Drone  
  43  4:22  Overlord  
  43  4:23  Spore Crawler  
  41  4:27  Drone  
  41  4:28  Infestation Pit  
  41  4:29  Drone  
  41  4:31  Drone  
  43  4:34  Hydralisk  
  45  4:42  Drone x4  
  49  4:49  Drone  
  50  4:53  Drone  
  50  4:56  Spore Crawler  
  50  4:57  Drone  
  50  4:59  Muscular Augments  
  51  5:00  Hydralisk  
  51  5:02  Hydralisk  
  51  5:06  Drone  
  56  5:09  Drone  
  56  5:10  Drone  
  56  5:14  Infestor  
  58  5:18  Hydralisk  
  58  5:20  Drone x3  
  65  5:25  Drone  
  66  5:29  Overlord  
  66  5:30  Overlord  
  66  5:34  Extractor  
  66  5:35  Drone  
  66  5:36  Extractor  
  66  5:38  Overlord  
  65  5:45  Drone, Hive  
  65  5:46  Evolution Chamber  
  65  5:47  Drone  
  66  5:50  Hydralisk  
  68  6:03  Drone x2  
  70  6:07  Hydralisk x2  
  74  6:11  Zerg Ground Armor Level 1  
  74  6:15  Zerg Missile Weapons Level 2  
  74  6:17  Drone  
  75  6:19  Hydralisk  
  75  6:20  Hatchery  
  76  6:29  Drone  
  76  6:30  Hydralisk x2  
  76  6:31  Hydralisk  
  83  6:32  Overlord  
  83  6:34  Drone  
  84  6:49  Drone  
  84  6:54  Hydralisk x3  
  85  6:55  Overlord  
  85  6:56  Hydralisk  
  85  6:58  Drone  
  94  7:06  Infestor  
  94  7:08  Hydralisk  
  96  7:12  Overlord  
  96  7:13  Overlord x2  
  98  7:20  Hatchery  
  97  7:30  Grooved Spines  
  97  7:33  Hydralisk x3  
  97  7:34  Infestor  
  105  7:38  Drone x4  
  105  7:40  Hydralisk  
  105  7:41  Hydralisk  
  113  7:48  Drone  
  114  7:53  Drone  
  114  7:55  Hydralisk x2  
  119  8:07  Drone  
  119  8:08  Drone x2, Hydralisk x2  
  126  8:19  Zerg Ground Armor Level 2  
  126  8:21  Drone x2  
  126  8:22  Nydus Network  
  126  8:23  Overlord x4  
  127  8:34  Zerg Missile Weapons Level 3  
  127  8:35  Drone  
  127  8:36  Drone  
  127  8:38  Drone  
  127  8:39  Drone  
  131  8:43  Pneumatized Carapace  
  131  8:45  Hatchery  
  131  8:46  Overseer x2  
  130  8:49  Infestor  
  130  8:51  Hatchery, Hydralisk  
  130  8:52  Drone x3  
  130  8:53  Drone  
  137  9:06  Drone  
  137  9:07  Drone x4  
  137  9:08  Hydralisk x5  
  152  9:18  Drone x3  
  152  9:21  Drone  
  152  9:22  Hydralisk x2  
  160  9:30  Extractor  
  159  9:32  Extractor  
  159  9:36  Drone x2, Hydralisk x2  
  159  9:38  Hydralisk  
  166  9:40  Overlord x2  
  166  9:46  Spine Crawler, Spore Crawler  
  166  9:47  Spine Crawler  
  166  9:48  Drone x2  
  166  9:49  Spore Crawler  
  164  10:01  Drone x4  
  164  10:02  Hydralisk x3  
  164  10:03  Hydralisk x3  
  180  10:11  Drone  
  181  10:23  Nydus Canal  
  177  10:56  Hydralisk x2  
  177  10:57  Hydralisk x3  
  177  10:58  Overlord x3  
  177  10:59  Hydralisk x3  
  193  11:17  Nydus Canal  
  193  11:40  Overseer  
  193  11:41  Overseer  
  193  11:47  Hydralisk x3  
  199  12:11  Drone  
  198  12:32  Nydus Canal  
  198  12:45  Zerg Ground Armor Level 3  
  198  12:47  Zerg Melee Weapons Level 1  
  198  12:53  Ultralisk Cavern  
  181  13:11  Hydralisk x4, Infestor x2  
  181  13:12  Hydralisk x6  
  179  13:14  Overlord x6  
  179  13:15  Overlord x3  
  179  13:20  Spine Crawler  
  179  13:22  Spine Crawler  
  179  13:23  Spine Crawler  
  176  13:28  Overseer x3  
  176  13:36  Extractor x2  
  172  13:52  Drone x2  
  172  13:53  Drone x4  
  178  14:12  Hydralisk x8  
  178  14:13  Hydralisk x3  
  186  14:32  Infestor x4  
  186  14:33  Infestor  
  196  14:46  Nydus Canal  
  127  15:14  Hydralisk x3  
  127  15:15  Hydralisk, Infestor x4  
  127  15:16  Hydralisk, Infestor x3  
  127  15:19  Hydralisk x2  
  127  15:20  Hydralisk x4  
  153  15:26  Hydralisk  
  153  15:27  Hydralisk x3  
  161  15:35  Extractor  
  160  15:36  Extractor  
Show
View Real Time Build Order
Export as new Build Order

rostam Terran - Winner!

Build Orders: Gas First Reaper Expand 

Get SALT Encoding   

  12  0:00  SCV  
  13  0:12  SCV  
  14  0:18  Supply Depot  
  14  0:25  SCV  
  15  0:32  Refinery  
  15  0:39  SCV  
  16  0:44  Barracks  
  16  0:51  SCV  
  17  1:04  SCV  
  18  1:16  SCV  
  19  1:31  Orbital Command  
  19  1:32  Reaper  
  20  1:44  Command Center  
  20  1:52  Supply Depot  
  20  1:57  SCV  
  21  2:04  Reaper  
  22  2:11  SCV  
  22  2:14  Refinery  
  23  2:22  Factory  
  23  2:27  SCV  
  24  2:40  SCV, Supply Depot  
  24  2:42  Barracks Reactor  
  25  2:52  SCV  
  25  2:53  Barracks  
  25  2:57  Orbital Command  
  26  3:04  SCV  
  27  3:15  Orbital Command  
  27  3:16  SCV  
  28  3:25  Factory Tech Lab  
  28  3:34  Marine x2, Engineering Bay  
  28  3:35  Starport  
  30  3:41  Barracks Tech Lab  
  30  3:45  SCV x2  
  32  3:50  Siege Tank  
  32  3:52  Marine x2  
  37  4:00  Marine  
  37  4:01  SCV x2  
  40  4:10  Marine  
  40  4:13  SCV, Terran Infantry Weapons Level 1  
  40  4:15  SCV  
  40  4:17  Marine x2  
  41  4:22  Siege Tank  
  46  4:24  Starport Reactor  
  46  4:25  SCV  
  46  4:27  SCV  
  46  4:28  Marine  
  49  4:33  Missile Turret  
  49  4:34  Marine  
  49  4:39  Marine  
  49  4:40  SCV  
  49  4:41  Stimpack  
  49  4:44  SCV  
  52  4:51  Marine  
  52  4:52  SCV  
  54  4:53  Supply Depot  
  54  5:13  Supply Depot  
  54  5:14  SCV, Marine, Command Center, Medivac  
  54  5:15  SCV  
  54  5:16  Supply Depot  
  54  5:18  Supply Depot x2  
  59  5:21  Refinery  
  59  5:23  Missile Turret  
  59  5:27  SCV x2  
  61  5:38  Marine x3  
  61  5:39  SCV, Siege Tank  
  61  5:41  Medivac  
  70  5:43  SCV  
  70  5:44  Missile Turret  
  70  5:49  Missile Turret  
  71  5:51  SCV  
  71  5:55  SCV, Marine x2  
  75  6:03  SCV  
  76  6:05  Marine  
  76  6:07  SCV  
  78  6:15  SCV  
  78  6:16  Medivac x2  
  78  6:17  Terran Infantry Armor Level 1  
  83  6:19  SCV  
  83  6:22  Refinery  
  84  6:27  SCV, Barracks  
  84  6:28  Supply Depot  
  84  6:31  Marine x2  
  84  6:32  Barracks  
  87  6:33  SCV  
  87  6:35  Barracks  
  88  6:48  Command Center  
  88  6:49  Siege Tank  
  88  6:50  Combat Shield  
  88  6:51  Missile Turret  
  88  6:52  Missile Turret  
  91  6:57  SCV  
  92  7:01  Marine  
  93  7:12  SCV  
  93  7:13  Marine  
  93  7:15  Barracks Reactor  
  95  7:24  Missile Turret  
  95  7:27  Refinery, Sensor Tower  
  95  7:28  Refinery, Medivac  
  95  7:29  Siege Tank  
  100  7:39  Planetary Fortress  
  100  7:40  Barracks Tech Lab x2  
  100  7:41  Marine  
  101  7:45  Missile Turret  
  101  7:56  Marine  
  101  7:57  Marine x2  
  101  8:02  Siege Tank  
  100  8:06  Marine x3  
  103  8:17  Marine  
  104  8:20  Marine  
  104  8:22  Factory  
  105  8:30  Marine x3  
  105  8:31  Marine x2  
  110  8:34  Siege Tank, Supply Depot  
  110  8:35  Marine  
  110  8:38  Marine  
  115  8:43  Orbital Command  
  115  8:45  Engineering Bay  
  115  8:48  Armory, Marine x5  
  116  8:53  Marine, Missile Turret  
  121  8:57  Sensor Tower  
  121  9:00  Missile Turret, Supply Depot x2  
  121  9:02  Supply Depot  
  121  9:06  Siege Tank  
  121  9:09  Factory Tech Lab  
  124  9:10  SCV  
  124  9:11  SCV  
  124  9:15  SCV  
  127  9:26  Medivac  
  127  9:27  Marine  
  127  9:28  Marauder  
  132  9:37  Marine  
  132  9:38  Marine x2  
  135  9:39  Siege Tank x2  
  135  9:44  Missile Turret  
  141  9:46  Terran Infantry Weapons Level 2  
  141  9:47  Terran Infantry Armor Level 2  
  141  9:48  Missile Turret x2  
  141  9:55  Marine  
  141  9:56  Marine x2  
  141  9:57  Marine  
  145  10:11  Missile Turret, Siege Tank  
  145  10:12  Terran Vehicle Weapons Level 1  
  145  10:14  Missile Turret  
  148  10:19  Marine  
  148  10:20  Marine x4  
  153  10:22  Medivac  
  153  10:23  Medivac  
  154  10:52  Medivac  
  154  10:53  Medivac, Siege Tank x2  
  164  11:06  Missile Turret  
  164  11:07  Command Center  
  164  11:49  Command Center  
  164  11:54  Supply Depot  
  164  11:55  Supply Depot  
  164  11:57  Supply Depot  
  164  12:08  Missile Turret  
  164  12:15  Marine x5  
  164  12:16  Siege Tank  
  164  12:17  Marauder x2  
  164  12:19  Supply Depot  
  164  12:21  Supply Depot  
  164  12:22  Ghost Academy  
  173  12:23  Ghost Academy  
  173  12:27  Thor  
  179  12:33  Terran Infantry Weapons Level 3, Marine  
  180  13:04  Marine  
  180  13:05  Marauder  
  183  13:07  Missile Turret  
  183  13:15  Missile Turret  
  183  13:16  Sensor Tower  
  183  13:18  Missile Turret  
  183  13:21  Orbital Command  
  183  13:24  Missile Turret  
  183  13:25  Ghost  
  183  13:26  Ghost x2  
  189  13:48  Missile Turret  
  189  13:54  Ghost  
  188  14:06  Ghost x2  
  188  14:09  Missile Turret  
  192  14:11  Nuke  
  192  14:13  Personal Cloaking  
  192  14:21  Refinery, Missile Turret  
  192  14:22  Ghost  
  193  14:25  Planetary Fortress  
  193  14:31  Marine  
  193  14:32  Marine  
  193  14:35  Ghost  
  193  14:36  Marauder  
  186  15:10  Marine x5  
  186  15:11  Marine x2  
  186  15:12  Medivac x2  
  188  15:28  Marine x6  
  189  15:32  Marine  
  189  15:34  Thor  
  198  15:42  Viking x2  
  199  15:45  Marine  
Show
View Real Time Build Order
Export as new Build Order

Ulysse Protoss - Winner!

Build Orders: 1 Gate Expand, Carriers, Carrier Rush 

Get SALT Encoding   

  12  0:00  Probe  
  13  0:12  Probe  
  14  0:22  Pylon  
  14  0:25  Probe  
  15  0:40  Probe (Chrono Boost)  
  15  0:41  Gateway  
  17  0:51  Probe (Chrono Boost)  
  17  1:10  Nexus  
  17  1:13  Probe  
  18  1:19  Assimilator  
  18  1:28  Cybernetics Core  
  18  1:31  Probe  
  19  1:37  Assimilator  
  19  1:43  Probe  
  20  1:55  Probe  
  21  2:02  Pylon  
  21  2:07  Probe  
  22  2:20  Probe (Chrono Boost)  
  23  2:23  Probe (Chrono Boost)  
  23  2:27  Stargate  
  24  2:35  Probe (Chrono Boost)  
  24  2:36  Assimilator  
  26  2:37  Probe (Chrono Boost)  
  26  2:39  Warp Gate  
  26  2:41  Probe (Chrono Boost)  
  26  2:42  Shield Battery  
  28  2:44  Probe (Chrono Boost)  
  28  2:46  Stalker  
  30  2:56  Probe (Chrono Boost)  
  30  2:57  Probe (Chrono Boost)  
  32  3:07  Assimilator  
  32  3:09  Probe (Chrono Boost), Void Ray  
  34  3:14  Probe (Chrono Boost)  
  34  3:17  Probe (Chrono Boost)  
  39  3:20  Probe (Chrono Boost)  
  39  3:23  Probe  
  39  3:25  Pylon  
  42  3:35  Probe (Chrono Boost)  
  42  3:36  Probe (Chrono Boost)  
  43  3:45  Probe (Chrono Boost)  
  43  3:47  Probe (Chrono Boost)  
  45  3:56  Probe  
  45  3:58  Void Ray  
  46  4:09  Fleet Beacon  
  50  4:10  Probe  
  51  4:29  Stalker  
  51  4:30  Pylon  
  53  4:39  Probe  
  53  4:44  Pylon  
  54  4:48  Probe  
  54  4:51  Probe  
  54  4:52  Carrier (Chrono Boost)  
  56  4:59  Shield Battery  
  62  5:02  Probe  
  62  5:03  Probe  
  64  5:08  Nexus  
  64  5:09  Pylon  
  64  5:14  Probe  
  64  5:15  Probe  
  66  5:22  Shield Battery  
  66  5:26  Probe, Protoss Air Weapons Level 1 (Chrono Boost)  
  66  5:27  Forge  
  67  5:32  Shield Battery  
  67  5:35  Shield Battery  
  67  5:36  Probe  
  67  5:38  Probe, Pylon, Stalker  
  71  5:48  Probe  
  72  5:51  Probe  
  72  5:53  Carrier (Chrono Boost)  
  72  5:55  Pylon  
  79  5:58  Protoss Shields Level 1 (Chrono Boost)  
  79  6:00  Probe  
  79  6:03  Probe  
  81  6:06  Assimilator  
  81  6:08  Assimilator  
  81  6:12  Probe  
  81  6:15  Probe, Stalker  
  85  6:24  Probe  
  86  6:27  Probe, Stargate  
  86  6:30  Probe  
  88  6:36  Probe  
  88  6:39  Probe  
  90  6:43  Probe  
  91  6:48  Photon Cannon  
  91  6:51  Probe  
  96  6:55  Tempest  
  96  7:00  Pylon  
  96  7:01  Probe  
  98  7:03  Probe, Photon Cannon  
  99  7:08  Stalker  
  99  7:13  Carrier  
  107  7:15  Probe  
  107  7:21  Cybernetics Core  
  108  7:23  Pylon, Protoss Air Weapons Level 2 (Chrono Boost)  
  108  7:33  Stargate  
  108  7:36  Flux Vanes  
  108  7:38  Carrier  
  108  7:41  Photon Cannon  
  114  7:55  Nexus  
  114  7:56  Pylon  
  114  8:06  Protoss Ground Weapons Level 1 (Chrono Boost)  
  114  8:17  Carrier  
  120  8:21  Twilight Council  
  120  8:22  Probe  
  120  8:23  Probe, Carrier  
  120  8:26  Protoss Air Armor Level 1 (Chrono Boost)  
  128  8:30  Robotics Facility  
  128  8:32  Gateway  
  128  8:33  Probe  
  129  8:35  Probe  
  130  8:44  Pylon  
  130  8:47  Probe x2  
  132  8:51  Shield Battery  
  132  8:53  Pylon  
  132  8:55  Pylon  
  132  8:57  Assimilator  
  132  9:00  Assimilator  
  132  9:02  Carrier  
  138  9:11  Photon Cannon  
  138  9:14  Shield Battery  
  138  9:17  Pylon  
  138  9:20  Probe x4  
  138  9:22  Photon Cannon, Carrier  
  148  9:24  Observer  
  148  9:25  Photon Cannon, Charge  
  148  9:27  Zealot  
  148  9:28  Zealot  
  153  9:31  Shield Battery  
  153  9:40  Shield Battery  
  153  9:44  Tempest  
  158  9:53  Observer  
  159  10:01  Protoss Air Weapons Level 3 (Chrono Boost)  
  159  10:02  Robotics Bay  
  159  10:06  Tempest  
  164  10:12  Nexus  
  164  10:13  Probe, Pylon  
  165  10:14  Protoss Shields Level 2 (Chrono Boost)  
  165  10:20  Unknown  
  165  10:25  Tempest  
  165  10:27  Tempest  
  175  10:34  Photon Cannon  
  175  10:35  Probe x2  
  177  10:39  Shield Battery  
  177  10:41  Photon Cannon  
  176  10:46  Photon Cannon  
  176  10:49  Carrier  
  182  10:50  Zealot x2  
  182  10:53  Extended Thermal Lance  
  182  10:55  Probe x2  
  188  10:58  Pylon  
  188  11:04  Assimilator  
  188  11:09  Assimilator  
  188  11:11  Pylon  
  188  11:16  Tempest, Probe x3, Photon Cannon  
  196  11:20  Photon Cannon  
  196  11:22  Pylon  
  196  11:24  Probe  
  197  11:25  Zealot  
  199  11:40  Pylon  
  199  11:45  Photon Cannon  
  199  11:47  Probe  
  199  11:51  Pylon  
  200  12:03  Robotics Facility  
  200  12:05  Stargate, Robotics Facility  
  200  12:07  Stargate  
  200  12:19  Anion Pulse-Crystals, Protoss Air Armor Level 2 (Chrono Boost)  
  200  12:25  Gateway  
  200  12:27  Blink  
  200  12:28  Gateway  
  200  12:29  Gateway  
  200  12:46  Photon Cannon  
  200  12:49  Photon Cannon  
  200  12:51  Shield Battery  
  200  12:53  Pylon  
  190  13:14  Observer  
  191  13:20  Carrier  
  197  13:28  Templar Archives  
  197  13:31  Gateway  
  197  13:32  Gateway  
  197  13:34  Gateway  
  197  13:47  Observer  
  193  14:28  Resonating Glaives  
  193  14:30  Colossus x3  
  185  14:47  Forge  
  185  14:49  Pylon  
  185  14:58  Probe x2  
  185  14:59  Probe  
  189  15:00  Probe  
  189  15:14  Nexus  
  189  15:17  Pylon  
  189  15:19  Assimilator  
  189  15:23  Colossus  
  189  15:24  Assimilator  
  195  15:30  Pylon  
  195  15:32  Pylon  
Tags
 
Add a new tag
Caveats
  • Supply blocks, unpowered buildings, or Contaminate may cause inaccurate times.
  • Supply counts are checked every 10 seconds.